 Dungeon Crawl Stone Soup version 0.31.0-32-g396128a36d (webtiles) character file.

Game seed: 1097758939108219547

118 Silvore the Covered (level 4, -2/41 HPs)
             Began as a Minotaur Fighter on Apr 1, 2024.
             Slain by an orc
             ... wielding a +0 war axe
              (4 damage)
             ... on level 3 of the Dungeon.
             The game lasted 00:01:42 (1817 turns).

Silvore the Covered (Minotaur Fighter)              Turns: 1817, Time: 00:01:42

Health: -2/41      AC:  8    Str: 22    XL:     4   Next: 72%
Magic:  3/3        EV:  9    Int:  5    God:
Gold:   171        SH:  4    Dex: 10    Spells: 3/3 levels left

rFire   . . .        a - +0 flail
rCold   . . .        c - +0 buckler
rNeg    . . .        b - +0 scale mail
rPois   .            (helmet restricted)
rElec   .            (no cloak)
rCorr   .            l - +0 pair of gloves
SInv    .            (no boots)
Will    .....        (no amulet) Stlth
                     (no ring)
HPRegen 0.26/turn    (no ring)
MPRegen 0.08/turn

%: no passive effects
@: no status effects
A: horns 2, retaliatory headbutt
a: no special abilities


You were on level 3 of the Dungeon.
You visited 1 branch of the dungeon, and saw 3 of its levels.

You collected 171 gold pieces.

Inventory:

Hand Weapons
 a - a +0 flail (weapon)
Armour
 b - a +0 scale mail (worn)
 c - a +0 buckler (worn)
 l - a +0 pair of gloves (worn)
Scrolls
 f - a scroll of immolation
 h - 2 scrolls of teleportation
 k - a scroll of amnesia {unknown}
Potions
 d - a potion of might
 e - a potion of curing
 g - a potion of degeneration {unknown}
 i - a potion of resistance {unknown}
 j - a potion of haste {unknown}


   Skills:
 + Level 4.3 Fighting
 + Level 3.8 Maces & Flails
 + Level 4.8 Armour
 + Level 0.2 Dodging
 + Level 4.2 Shields


You had 3 spell levels left.
You didn't know any spells.
Your spell library was empty.

Dungeon Overview and Level Annotations

Branches:
Dungeon (3/15)

Altars:
Trog


Innate Abilities, Weirdness & Mutations

You have a pair of horns on your head.
You reflexively headbutt those who attack you in melee.


Message History

You kill the orc!
The orc priest hits you from afar with a +0 trident. x2
Found a scroll labelled GYREOJA KUSYSCH.
The orc priest closely misses you. You furiously retaliate!
You headbutt the orc priest!
The orc wizard casts a spell.
The orc wizard flickers and vanishes!
Deactivating autopickup; reactivate with Ctrl-A.
You see here a +0 dagger.
You barely miss the orc priest. Your headbutt misses the orc priest.
The orc priest is heavily wounded.
You block the giant cockroach's attack. The giant cockroach closely misses you.
The orc hits you but does no damage. You block the orc priest's attack.
Something hits you.
You hit the orc priest.
The orc priest is severely wounded.
You block the giant cockroach's attack. The orc misses you.
The orc priest calls down the wrath of Beogh upon you.
Beogh smites you!
* * * LOW HITPOINT WARNING * * *
Something hits you but does no damage.
You hit the orc priest.
The orc priest is severely wounded.
You block the giant cockroach's attack. The orc barely misses you.
The orc priest barely misses you. Something hits you but does no damage.
You block the giant cockroach's attack.
You barely miss the orc priest.
The orc priest is severely wounded.
The orc closely misses you. You furiously retaliate!
You headbutt the orc.
The orc priest mumbles some strange prayers to Beogh against you.
Pain shoots through your body!
* * * LOW HITPOINT WARNING * * *
Something hits you.
* * * LOW HITPOINT WARNING * * *
You block the giant cockroach's attack.
You sock the orc priest!
You kill the orc priest!
The giant cockroach bites you but does no damage.
The orc hits you with a +0 war axe.
You die...

##### ########....
###......#....
..............
########......#....
#####......#......#....
##..........#......#....
.?....oB)....?...###....
#.....@)...####.###....
#....####### #.##)....
#... #..#..... #..
##.#..... ## ###.#.....
#...#..... #.........
#......... #...#..###


You could see an orc and a giant cockroach.

Vanquished Creatures
  An orc priest (D:3)
  Robin (D:3)
  A gnoll (D:1)
  4 adders
  A dart slug (D:1)
  A ribbon worm (D:2)
  An orc (D:3)
  4 bats
  4 endoplasms
  4 hobgoblins
  6 quokkas
  3 ball pythons
  15 goblins
  5 kobolds
  4 rats
55 creatures vanquished.

Vanquished Creatures (others)
  A goblin (D:3)
1 creature vanquished.

Grand Total: 56 creatures vanquished

Notes
Turn   | Place    | Note
-------+----------+-------------------------------------------
     0 | D:1      | Silvore the Minotaur Fighter began the quest for the Orb.
     0 | D:1      | Reached XP level 1. HP: 19/19 MP: 0/0
   302 | D:1      | Reached XP level 2. HP: 27/27 MP: 1/1
   501 | D:1      | Reached XP level 3. HP: 33/33 MP: 2/2
   829 | D:1      | Found a bloodstained altar of Trog.
   894 | D:2      | Found a faded altar of an unknown god.
  1458 | D:3      | Reached XP level 4. HP: 40/40 MP: 3/3
  1496 | D:3      | Noticed Robin
  1516 | D:3      | Killed Robin
  1816 | D:3      | HP: 2/41 [something (1)]
  1817 | D:3      | Slain by an orc

Illustrated notes

Levels and vault maps discovered:
D:1:      dpeg_arrival_water_altar, layout_loops_corners, minmay_unequal
D:2:      layout_rooms, hellmonk_ecumenical_altar_blasted
D:3:      layout_basic, uniq_robin

Skill      XL: |  1  2  3 |
---------------+----------+-----
Fighting       | 4 |  4.3
Armour         | 4 |  4.8
Shields        | 4 |  4.2
Maces & Flails | 3 |  3.8
Dodging        | |  0.2

Action                     |  1- 3 |  4- 6 || total
---------------------------+-------+-------++-------
  Melee: Flail             |    69 |    36 ||   105
         Headbutt          |     9 |     4 ||    13
    Use: Scroll            |     4 |       ||     4
         Potion            |       |     1 ||     1
 Armour: Scale mail        |    55 |    51 ||   106
  Dodge: Dodged            |    39 |    26 ||    65
  Block: Buckler           |    14 |    20 ||    34
